Map: Dusk Towers

Players

xKawaiian

  • Race: Terran Terran
  • League: Master

Impure - Winner!

  • Race: Terran Terran
  • League: Grandmaster

VOD

Have the link to the VOD?

Description

Time

  • Played on: Jan. 16, 2016, 12:15 a.m.
  • Length: 8:55
Show
View Real Time Build Order
Export as new Build Order

xKawaiian Terran 

Build Orders: MMM Bio 

Get SALT Encoding   

  12  0:01  SCV  
  13  0:13  SCV  
  14  0:18  Supply Depot  
  14  0:25  SCV  
  15  0:40  SCV  
  15  0:41  Barracks  
  16  0:47  Refinery  
  16  0:52  SCV  
  16  0:54  Refinery  
  17  1:04  SCV  
  19  1:29  Marine  
  19  1:31  Orbital Command  
  19  1:35  Supply Depot  
  19  1:43  Factory  
  19  1:50  Reaper  
  20  1:58  SCV  
  21  2:10  SCV  
  22  2:22  SCV  
  23  2:28  Barracks Reactor  
  23  2:30  Starport  
  23  2:34  SCV  
  24  2:37  Factory Tech Lab  
  24  2:46  SCV  
  25  2:55  Command Center  
  25  2:58  SCV  
  25  3:04  Marine x2  
  25  3:05  Factory Tech Lab  
  28  3:11  SCV  
  28  3:12  Raven  
  31  3:28  Supply Depot  
  31  3:33  Supply Depot  
  31  3:43  Marine  
  31  3:49  SCV, Cyclone, Marine  
  36  4:01  SCV  
  37  4:04  Barracks  
  37  4:05  Barracks  
  37  4:13  SCV  
  37  4:14  Marine x2  
  39  4:21  Viking  
  42  4:25  SCV  
  42  4:30  Orbital Command  
  41  4:38  SCV  
  42  4:42  Marine x2  
  41  4:50  SCV  
  41  4:51  Supply Depot  
  42  4:53  Barracks Reactor  
  42  4:57  SCV  
  42  4:58  Stimpack  
  42  4:59  Starport Reactor  
  43  5:02  SCV  
  44  5:09  SCV  
  44  5:13  Siege Tank  
  45  5:14  SCV  
  45  5:19  Marine x3  
  49  5:22  SCV  
  49  5:27  SCV  
  51  5:29  Marine  
  51  5:30  Supply Depot  
  51  5:31  Marine  
  51  5:35  SCV  
  54  5:36  Medivac x2  
  54  5:38  Marine  
  54  5:39  Marine  
  54  5:40  SCV  
  61  5:47  SCV  
  61  5:48  Supply Depot  
  61  5:49  Marine  
  63  5:51  Siege Tank  
  63  5:53  SCV  
  63  5:55  Supply Depot, Marine  
  63  5:56  Marine  
  69  5:57  Marine  
  69  5:59  SCV  
  69  6:02  Marine  
  72  6:05  SCV  
  72  6:06  Refinery, Marine  
  74  6:13  Marine  
  74  6:14  Marine  
  74  6:15  Marine  
  74  6:16  SCV  
  74  6:17  SCV  
  79  6:19  Marine  
  79  6:24  Marine  
  81  6:30  Command Center  
  81  6:32  Siege Tank, Marine  
  85  6:34  SCV  
  85  6:37  Refinery  
  86  6:40  Marine  
  86  6:44  SCV  
  88  6:47  SCV  
  88  6:51  Barracks  
  89  6:56  SCV, Barracks  
  89  6:57  Marine x2  
  89  6:59  Combat Shields  
  88  7:11  Marine  
  88  7:13  Siege Tank, Marine x2  
  82  7:16  SCV x2  
  82  7:21  Engineering Bay  
  79  7:23  Marine  
  79  7:24  Engineering Bay  
  79  7:28  SCV x2  
  82  7:32  Marine x2  
  82  7:33  Marine  
  85  7:37  Medivac  
  85  7:39  Medivac  
  85  7:40  SCV x2  
  85  7:42  Barracks Reactor  
  91  7:47  Orbital Command  
  91  7:50  Marine x2  
  93  7:55  Marine x3  
  87  8:03  SCV  
  88  8:06  Supply Depot  
  88  8:07  Supply Depot  
  88  8:11  Siege Tank  
  88  8:12  Marine x2  
  92  8:14  SCV  
  93  8:20  Marine x2  
  93  8:21  Medivac  
  93  8:25  Marine x2  
  92  8:37  Marine  
Show
View Real Time Build Order
Export as new Build Order

Impure Terran - Winner!

Build Orders: 1/1/1, Cyclone Opening, MMM Bio 

Get SALT Encoding   

  12  0:00  SCV  
  13  0:12  SCV  
  14  0:17  Supply Depot  
  14  0:25  SCV  
  15  0:31  Refinery  
  15  0:39  SCV  
  16  0:45  Barracks  
  16  0:51  SCV  
  17  1:01  Refinery  
  17  1:03  SCV  
  18  1:15  SCV  
  19  1:27  SCV  
  20  1:36  Marine  
  20  1:37  Factory  
  21  1:42  Orbital Command  
  21  1:59  Marine  
  21  2:03  Supply Depot  
  21  2:08  SCV  
  22  2:17  Marine  
  22  2:21  Factory Tech Lab  
  23  2:24  SCV, Starport  
  24  2:35  Marine  
  24  2:37  SCV  
  26  2:40  Cyclone  
  29  2:45  Supply Depot  
  29  2:49  SCV  
  30  2:54  Marine  
  31  3:05  Supply Depot  
  31  3:07  SCV, Medivac  
  34  3:16  Siege Tank, Marine  
  38  3:24  Liberator  
  39  3:28  Supply Depot  
  39  3:33  SCV  
  40  3:36  Barracks Reactor  
  39  3:46  SCV  
  43  4:02  SCV  
  44  4:07  Command Center  
  44  4:14  Marine x2  
  44  4:15  Siege Tank  
  44  4:17  SCV  
  45  4:29  SCV  
  43  4:35  Marine  
  43  4:38  Marine  
  41  4:39  Viking  
  41  4:41  SCV  
  42  4:54  SCV  
  42  4:58  Factory Tech Lab, Barracks  
  43  5:05  Barracks, Marine  
  43  5:06  SCV, Stimpack  
  42  5:14  Starport Reactor  
  42  5:18  SCV  
  42  5:19  Orbital Command  
  43  5:23  Siege Tank  
  43  5:26  Marine  
  47  5:30  SCV  
  48  5:42  SCV  
  49  5:43  Refinery, Marine  
  49  5:45  Engineering Bay  
  49  5:46  SCV  
  49  5:48  Barracks Reactor  
  51  5:52  Medivac  
  51  5:54  Marine x2  
  51  5:55  SCV  
  56  6:00  SCV  
  56  6:03  Marine  
  58  6:04  Medivac  
  58  6:06  Widow Mine  
  58  6:08  SCV  
  63  6:11  Marine  
  63  6:12  Refinery, Marine  
  63  6:13  SCV  
  63  6:15  Missile Turret  
  66  6:21  Supply Depot  
  66  6:23  Marine  
  66  6:25  Marine  
  67  6:26  Marine  
  67  6:27  SCV  
  67  6:30  Marine  
  70  6:42  SCV  
  70  6:46  SCV  
  72  6:49  Marine  
  72  6:50  Marine x2  
  75  6:54  SCV, Marine  
  75  6:55  Command Center  
  75  6:56  Marine  
  78  7:07  SCV  
  64  7:20  SCV x2  
  63  7:24  Marine x2  
  63  7:25  Marine x2  
  63  7:27  Medivac x2  
  71  7:32  SCV  
  71  7:33  Combat Shields  
  72  7:37  SCV  
  72  7:43  Marine  
  72  7:44  Marine  
  75  8:01  Marine x2  
  75  8:03  SCV  
  78  8:06  Supply Depot, Marine x2  
  78  8:07  SCV, Supply Depot  
  81  8:12  Orbital Command  
  81  8:16  SCV  
  81  8:22  Marine  
  81  8:25  SCV  
  79  8:37  SCV  
  79  8:38  SCV  
Tags
 
Add a new tag
Caveats
  • Supply blocks, unpowered buildings, or Contaminate may cause inaccurate times.
  • Supply counts are checked every 10 seconds.